 Dungeon Crawl Stone Soup version 0.29-a0-72-g1732ff48e7 (webtiles) character file.

Game seed: 12837380877523346633

267 HallandMoats the Skirmisher (level 6, -4/33 HPs)
             Began as a Vine Stalker Fighter on Feb 3, 2022.
             Was an Initiate of Gozag.
             Slain by a sky beast (5 damage)
             ... on level 7 of the Dungeon.
             The game lasted 00:03:00 (3520 turns).

HallandMoats the Skirmisher (Vine Stalker Fighter)  Turns: 3520, Time: 00:03:01

Health: -4/33      AC:  6    Str: 20    XL:     6   Next: 21%
Magic:  0/8        EV: 10    Int:  8    God:    Gozag
Gold:   303        SH:  5    Dex: 20    Spells: 5/5 levels left

rFire   . . .      SeeInvis .   a - +0 trident
rCold   . . .      Faith    .   c - +0 buckler
rNeg    . . .      Spirit   +   b - +0 scale mail
rPois   .          Reflect  .   (no helmet)
rElec   .          Harm     .   (no cloak)
rCorr   .          Rampage  .   (no gloves)
Will    .....                   (no boots)
Stlth   ..........              (no amulet)
HPRegen 0.91/turn               m - +6 ring of dexterity
MPRegen 0.11/turn               (no ring)

@: no status effects
A: fangs 2, regeneration 1, magic shield, antimagic bite, no potion heal 2
a: Renounce Religion, Potion Petition, Call Merchant, Bribe Branch


You were on level 7 of the Dungeon.
You worshipped Gozag.
Gozag was aware of your devotion.
You visited 2 branches of the dungeon, and saw 6 of its levels.

You collected 303 gold pieces.

Inventory:

Hand Weapons
 a - a +0 trident (weapon)
Missiles
 k - a throwing net (quivered)
Armour
 b - a +0 scale mail (worn)
 c - a +0 buckler (worn)
Jewellery
 h - a ring of flight
 m - a +6 ring of dexterity (left hand)
 p - a ring of see invisible
Wands
 o - a wand of digging (4)
Scrolls
 e - a scroll of enchant weapon {unknown}
 g - a scroll of teleportation {unknown}
 l - 2 scrolls of identify {unknown}
Potions
 d - a potion of might
 f - a potion of degeneration {unknown}
 i - a potion of heal wounds {unknown}
 j - a potion of invisibility {unknown}
 n - a potion of flight {unknown}


   Skills:
 * Level 3.7 Fighting
 * Level 3.0 Polearms
 + Level 2.9 Armour
 + Level 1.2 Dodging
 + Level 3.2 Shields
 * Level 2.5 Invocations


You had 5 spell levels left.
You didn't know any spells.
Your spell library was empty.

Dungeon Overview and Level Annotations

Branches:
Dungeon (7/15)             Temple (1/1) D:7

Altars:
Cheibriados
Dithmenos
Elyvilon
Gozag
Hepliaklqana
Kikubaaqudgha
Okawaru
Sif Muna
Yredelemnul
The Shining One

Shops:
D:1 *

Portals:
Sewer: D:3

Annotations:
D:3 1 transporter, HallandMoats's ghost, amateur OpFi


Innate Abilities, Weirdness & Mutations

You have extremely sharp teeth.
Your natural rate of healing is unusually fast.
When hurt, damage is shared between your health and your magic reserves.
Your bite disrupts and absorbs the magic of your enemies.
Potions cannot restore your health.


Message History

You barely miss something. You bite something. You drain its power.
Something hits you. Something shocks you.
You hit something but do no damage. Your bite misses something.
Something hits you but does no damage.
You barely miss something. Your bite misses something.
Something hits you but does no damage.
You barely miss something.
A sky beast appears from thin air!
Reactivating autopickup.
The sky beast barely misses you.
You hit the sky beast but do no damage.
The sky beast is moderately wounded.
The sky beast hits you but does no damage.
The sky beast closely misses you.
You puncture the sky beast! Your bite misses the sky beast.
The sky beast is heavily wounded.
The sky beast flickers out of sight!
Deactivating autopickup; reactivate with Ctrl-A.
Something hits you but does no damage.
You barely miss something. Something hits you. Something shocks you.
You miss something. Your bite misses something. Something hits you.
Something shocks you.
You miss something. Your bite misses something.
Something hits you but does no damage. x2
You closely miss something. Something hits you but does no damage.
You closely miss something. Your bite misses something. Something hits you.
Something shocks you.
You hit something. Something hits you. Something shocks you.
You closely miss something. You bite something. You drain its power.
You feel invigorated. Something hits you. Something shocks you.
* * * LOW HITPOINT WARNING * * *
You closely miss something. Your bite misses something. Something hits you.
* * * LOW HITPOINT WARNING * * *
Something shocks you.
* * * LOW HITPOINT WARNING * * *
Something hits you but does no damage.
You completely miss something. Something hits you.
* * * LOW HITPOINT WARNING * * *
Something shocks you.
You die...
Your body crumbles into a pile of gold.

#.....?.<.
#......... ..
#......... ...
#.........
...#####.........
.................
..........{..#
.........@...#
.............#
...../.......#
.............#
...###+#.....# ..
#.....# +.....#
#.....#
#.....###+#########


There were no monsters in sight!

Vanquished Creatures
  A black bear (D:7)
  A scorpion (D:7)
  A wyvern skeleton (D:7)
  2 adders
  A white imp (D:7)
  A dart slug (D:3)
  8 ball pythons
  6 endoplasms
  5 giant cockroaches
  3 goblins
  5 hobgoblins
  2 kobolds
  A bat (D:1)
  A frilled lizard (D:2)
  4 rats
42 creatures vanquished.

Notes
Turn   | Place    | Note
-------+----------+-------------------------------------------
     0 | D:1      | HallandMoats the Vine Stalker Fighter began the quest for
                  | the Orb.
     0 | D:1      | Reached XP level 1. HP: 11/11 MP: 2/2
   153 | D:1      | Found Tustody's General Store.
   268 | D:1      | Reached XP level 2. HP: 16/16 MP: 3/3
   948 | D:2      | Reached skill level 1 in Invocations
   948 | D:2      | Reached XP level 3. HP: 15/20 MP: 1/4
  1123 | D:2      | Found a faded altar of an unknown god.
  1135 | D:2      | Prayed at the altar of an unknown god.
  1135 | D:2      | Became a worshipper of Gozag Ym Sagoz the Greedy
  2284 | D:2      | Identified the +9 dagger of Nearenam {distort, Contam
                  | Dex+4}
  2785 | D:3      | Found a transporter.
  2824 | D:3      | Found a glowing drain.
  2857 | D:3      | Noticed HallandMoats's ghost (amateur OpFi)
  2858 | D:3      | Noticed an ogre
  2859 | D:3      | Noticed an ogre
  3043 | D:4      | Gained mutation: Your natural rate of healing is unusually
                  | fast. [Vine Stalker growth]
  3043 | D:4      | Reached XP level 4. HP: 18/24 MP: 6/6
  3069 | D:4      | You fall into a shaft and drop 3 floors!
  3086 | D:7      | Found a staircase to the Ecumenical Temple.
  3094 | Temple   | Entered the Ecumenical Temple
  3400 | D:7      | Noticed a scorpion
  3411 | D:7      | Killed a scorpion
  3412 | D:7      | Reached XP level 5. HP: 28/28 MP: 7/7
  3423 | D:7      | Noticed a black bear
  3429 | D:7      | Killed a black bear
  3430 | D:7      | Reached skill level 1 in Dodging
  3437 | D:7      | Reached XP level 6. HP: 25/33 MP: 5/8
  3497 | D:7      | Noticed a sky beast
  3520 | D:7      | HP: 1/33 [something (2)]
  3520 | D:7      | Slain by a sky beast

Illustrated notes

Levels and vault maps discovered:
D:1:      ncdulo_smallfort, layout_loops_corners, serial_shops, shop
D:2:      layout_basic, hellmonk_ecumenical_altar_run_dry
D:3:      layout_rooms, gammafunk_ghost_smash, portal_sewer_entry_e,
          minmay_misc_feat_plants
D:4:      layout_basic, marbit_many_paths, nicolae_overflow_hidden_temple,
          hangedman_abyss_or_decor_slice
D:7:      layout_gridville, kennysheep_mini, minmay_temple_entry_arrows
Temple:   compressed_dpeg_triangle_lava_temple

Skill      XL: |  1  2  3  4  5 |
---------------+----------------+-----
Polearms       | 2 3 |  3.0
Fighting       | 3 |  3.7
Invocations    | 1 2 |  2.5
Shields        | 3 |  3.2
Dodging        | 1 |  1.2
Armour         | |  2.9

Action                   |  1- 3 |  4- 6 || total
-------------------------+-------+-------++-------
Melee: Trident           |    92 |    45 ||   137
       Bite              |     9 |    12 ||    21
Armor: Scale mail        |    31 |    21 ||    52
Dodge: Dodged            |    27 |    13 ||    40
Block: Buckler           |     9 |    11 ||    20

Table legend: (Time is in decaauts)
 A = Elapsed time spent in this place.
 B = Non-inter-level travel time spent in this place.
 C = Inter-level travel time spent in this place.
 D = Time resting spent in this place.
 E = Time spent auto-exploring this place.
 F = Levels seen in this place.
 G = Mean time per level.
                   A        B        C        D        E       F      G
               +--------+--------+--------+--------+--------+-----+--------+
         Total |   3550 |   3357 |    193 |     30 |   2947 |   6 |  591.7 |
       Dungeon |   3276 |   3083 |    193 |     30 |   2695 |   5 |  655.2 |
        Temple |    274 |    274 |      0 |      0 |    252 |   1 |  274.0 |
               +--------+--------+--------+--------+--------+-----+--------+

Top non-repeatable levels by time:
     D:2: 1495 daAuts
     D:1: 868 daAuts
     D:3: 630 daAuts
  Temple: 274 daAuts
     D:7: 185 daAuts
     D:4: 96 daAuts
